 Dungeon Crawl Stone Soup version 0.29.1-15-g9cfb28693d (webtiles) character file.

Game seed: 15876831922838784341

499 BlackCrag the Cudgeller (level 6, -2/56 HPs)
             Began as a Minotaur Fighter on Mar 14, 2023.
             Was an Initiate of the Shining One.
             Slain by an orc
             ... wielding a +0 trident
              (4 damage)
             ... on level 4 of the Dungeon.
             The game lasted 00:12:18 (3125 turns).

BlackCrag the Cudgeller (Minotaur Fighter)          Turns: 3125, Time: 00:12:18

Health: -2/56      AC: 10    Str: 22    XL:     6   Next: 94%
Magic:  5/5        EV:  8    Int:  5    God:    the Shining One [......]
Gold:   175        SH:  4    Dex: 10    Spells: 5/5 levels left

rFire   . . .      SeeInvis .   a - +0 flail
rCold   . . .      Faith    .   c - +0 buckler
rNeg    . . .      Spirit   .   k - +0 chain mail
rPois   .          Reflect  .   (helmet restricted)
rElec   .          Harm     .   (no cloak)
rCorr   .          Rampage  .   (no gloves)
Will    .....                   (no boots)
Stlth   ..........              (no amulet)
HPRegen 0.18/turn               (no ring)
MPRegen 0.09/turn               (no ring)

@: mighty, glowing
A: horns 2, retaliatory headbutt
a: Renounce Religion


You were on level 4 of the Dungeon.
You worshipped the Shining One.
The Shining One was noncommittal.
You visited 1 branch of the dungeon, and saw 4 of its levels.

You collected 175 gold pieces.

Inventory:

Hand Weapons
 a - a +0 flail (weapon)
Missiles
 b - a throwing net (quivered)
Armour
 c - a +0 buckler (worn)
 k - a +0 chain mail (worn)
 n - an orb of light
 p - a +0 cloak
Scrolls
 e - 2 scrolls of poison {unknown}
 f - a scroll of summoning {unknown}
 h - 2 scrolls of teleportation {unknown}
 i - a scroll of immolation {unknown}
 j - a scroll of vulnerability {unknown}
 l - a scroll of enchant armour
Potions
 g - a potion of heal wounds {unknown}
 m - 2 potions of ambrosia {unknown}
 o - a potion of resistance {unknown}


   Skills:
 * Level 5.0 Fighting
 * Level 6.4 Maces & Flails
 + Level 5.7 Armour
 + Level 1.6 Dodging
 + Level 0.2 Stealth
 + Level 3.9 Shields


You had 5 spell levels left.
You didn't know any spells.
Your spell library contained the following spells:

 Spells                   Type           Power      Damage    Failure   Level
 Foxfire                  Conj/Fire      0%         2x1d4     99%         1
 Conjure Flame            Conj/Fire      0%         6-21      100%        3
 Inner Flame              Hex/Fire       0%         N/A       100%        3
 Stone Arrow              Conj/Erth      0%         3d7       100%        3
 Animate Armour           Summ/Erth      0%         N/A       100%        4
 Flame Wave               Conj/Fire      0%         2d4       100%        4
 Lehudib's Crystal Spear  Conj/Erth      0%         10d2      100%        8


Dungeon Overview and Level Annotations

Branches:
Dungeon (4/15)
 Temple: D:4-7

Altars:
Xom
Zin
The Shining One

Shops:
D:2 (


Innate Abilities, Weirdness & Mutations

You have a pair of horns on your head.
You reflexively headbutt those who attack you in melee.


Message History

The orc hits you but does no damage.
You closely miss the orc priest. The orc barely misses you.
The orc hits you with a +0 flail.
* * * LOW HITPOINT WARNING * * *
The orc priest hits you with a +0 whip.
* * * LOW HITPOINT WARNING * * *
The orc wizard hits you but does no damage.
You bludgeon the orc priest!!
You kill the orc priest!
The Shining One accepts your kill. The orc hits you with a +0 flail.
* * * LOW HITPOINT WARNING * * *
The orc wizard points at you and mumbles some strange words.
You resist with some effort. The orc completely misses you.
Your Fighting skill increases to level 5!
You sock the orc!
You kill the orc!
The orc wizard barely misses you. The orc barely misses you.
You closely miss the orc wizard. The orc hits you but does no damage.
The orc wizard barely misses you. The orc wizard closely misses you.
The orc barely misses you.
You barely miss the orc wizard.
The orc wizard points at you and mumbles some strange words.
The puff of flame hits you.
* * * LOW HITPOINT WARNING * * *
The orc hits you but does no damage.
You barely miss the orc wizard. The orc wizard casts a spell at you.
The puff of flame hits you.
* * * LOW HITPOINT WARNING * * *
The orc hits you from afar with a +0 trident.
* * * LOW HITPOINT WARNING * * *
You thump the orc wizard! You headbutt the orc wizard.
The orc wizard is almost dead.
The orc wizard points at you and mumbles some strange words.
You resist with some effort. You block the orc's attack.
You sock the orc wizard!
You kill the orc wizard!
The orc hits you from afar with a +0 trident.
You die...

#......# #......#
#......#+####
#..........>##########
#....................#
#....................#
###'###.......)......'
#.....#.....))o......#
#.....#.....@)........
#[<...#......)........
#.<.).######..........
#).........+..........
#..).......#..........
#..........#..........
####'#####+#..........
... .......... .....


You could see an orc.

Vanquished Creatures
  Sigmund (D:3)
  A crimson imp (D:3)
  An orc priest (D:4)
  Natasha (thrice) (D:3)
  2 orc wizards
  4 gnolls
  5 adders
  A worm (D:2)
  A dart slug (D:1)
  6 orcs
  6 bats
  11 endoplasms
  2 giant cockroaches
  A hobgoblin (D:2)
  5 jackals (D:2)
  8 kobolds
  4 quokkas
  7 ball pythons
  3 frilled lizards
  6 goblins
  A goblin skeleton (D:3)
  3 goblin zombies (D:3)
  2 hobgoblin zombies (D:3)
  2 kobold zombies (D:3)
  An orc skeleton (D:3)
  7 rats
94 creatures vanquished.

Notes
Turn   | Place    | Note
-------+----------+-------------------------------------------
     0 | D:1      | BlackCrag the Minotaur Fighter began the quest for the Orb.
     0 | D:1      | Reached XP level 1. HP: 19/19 MP: 0/0
   221 | D:1      | Reached XP level 2. HP: 27/27 MP: 1/1
   324 | D:1      | Found a faded altar of an unknown god.
   522 | D:1      | Reached skill level 3 in Maces & Flails
   580 | D:1      | Reached XP level 3. HP: 33/33 MP: 2/2
   912 | D:2      | Found Vidu's Antique Weapon Shop.
  1033 | D:2      | Reached skill level 1 in Dodging
  1158 | D:2      | Reached XP level 4. HP: 41/41 MP: 3/3
  1177 | D:2      | Reached skill level 4 in Maces & Flails
  1557 | D:3      | Noticed Natasha
  1562 | D:3      | Noticed Sigmund
  1573 | D:3      | Killed Natasha
  1579 | D:3      | Killed Sigmund
  1580 | D:3      | Reached skill level 5 in Maces & Flails
  1580 | D:3      | Reached skill level 5 in Armour
  1580 | D:3      | Reached XP level 5. HP: 4/47 MP: 4/4
  1580 | D:3      | Reached XP level 6. HP: 4/53 MP: 5/5
  1894 | D:3      | Noticed Natasha
  1904 | D:3      | Killed Natasha
  2096 | D:3      | Noticed an angel
  2121 | D:3      | Found a shimmering altar of Xom.
  2121 | D:3      | Found a glowing silver altar of Zin.
  2163 | D:3      | Found a glowing golden altar of the Shining One.
  2165 | D:3      | Noticed Natasha
  2174 | D:3      | Killed Natasha
  2192 | D:3      | Became a worshipper of the Shining One
  2703 | D:3      | Reached skill level 6 in Maces & Flails
  3120 | D:4      | Reached skill level 5 in Fighting
  3123 | D:4      | HP: 1/56 [orc/+0 trident (3)]
  3125 | D:4      | Slain by an orc

Illustrated notes

Levels and vault maps discovered:
D:1:      minmay_arrival_open_corners, layout_loops_ring,
          shapermc_ecumenical_altar_starsandcircs
D:2:      layout_rooms, serial_shops, nicolae_square_shop,
          hangedman_decor_growths
D:3:      layout_basic, grunt_temple_overflow_order_and_chaos_1,
          nicolae_tso_besieged_by_evil, chequers_serial_rivers_micro_d,
          uniq_natasha, uniq_sigmund
D:4:      layout_gridville, chequers_temple_overflow_statue_of_worship,
          uniq_eustachio

Skill      XL: |  1  2  3  4  5  6 |
---------------+-------------------+-----
Fighting       | 4 5 |  5.0
Maces & Flails | 3 5 6 |  6.4
Armour         | 4 5 |  5.7
Dodging        | 1 |  1.6
Stealth        | |  0.2
Shields        | |  3.9

Action                   |  1- 3 |  4- 6 || total
-------------------------+-------+-------++-------
Melee: Flail             |    81 |   150 ||   231
       Headbutt          |     7 |    22 ||    29
  Use: Scroll            |       |     3 ||     3
       Potion            |       |     2 ||     2
Armor: Scale mail        |    31 |    56 ||    87
       Chain mail        |       |    22 ||    22
Dodge: Dodged            |    40 |    78 ||   118
Block: Buckler           |    13 |    26 ||    39
